Map: Jagannatha LE

Players

Scarlett - Winner!

  • Race: Zerg Zerg

Astrea

  • Race: Protoss Protoss
  • League: Master

Event: DreamHack SC2 Masters 2021 Summer

VOD

Have the link to the VOD?

Description

Time

  • Played on: June 6, 2021, 3:47 p.m.
  • Length: 4:49

All games in this series

Show
View Real Time Build Order
Export as new Build Order

Scarlett Zerg - Winner!

Build Orders: Hatch First 

Get SALT Encoding   

  12  0:01  Drone  
  13  0:12  Overlord  
  13  0:17  Drone  
  14  0:31  Drone x2  
  16  0:43  Drone  
  17  0:51  Hatchery  
  17  0:55  Drone  
  17  0:58  Drone  
  18  1:08  Extractor  
  17  1:13  Spawning Pool  
  17  1:16  Drone  
  17  1:20  Drone  
  18  1:28  Drone  
  19  1:39  Drone  
  20  1:49  Overlord  
  20  1:59  Queen  
  22  2:02  Zergling x2  
  22  2:03  Drone, Queen  
  26  2:12  Drone, Metabolic Boost  
  26  2:13  Drone  
  28  2:22  Drone  
  29  2:25  Drone  
  30  2:35  Hatchery  
  29  2:40  Zergling x2  
  29  2:43  Queen  
  32  2:48  Overlord  
  32  2:57  Zergling x8  
  36  3:06  Zergling x2  
  36  3:11  Zergling x10  
  42  3:16  Zergling x4  
  44  3:22  Overlord  
  44  3:40  Zergling x10  
  47  3:42  Zergling x2  
  41  3:49  Zergling x4  
  41  3:52  Zergling x2  
  41  3:57  Drone x2  
  41  4:00  Drone  
  37  4:22  Drone x7  
  39  4:27  Drone x2  
  37  4:35  Drone  
  37  4:36  Drone x2  
  38  4:47  Spore Crawler  
Show
View Real Time Build Order
Export as new Build Order

Astrea Protoss 

Build Orders: 1 Gate Expand, Oracle Opening 

Get SALT Encoding   

  12  0:00  Probe  
  13  0:12  Probe  
  14  0:19  Pylon  
  14  0:24  Probe  
  15  0:37  Probe (Chrono Boost)  
  15  0:42  Gateway  
  16  0:46  Probe (Chrono Boost)  
  16  0:49  Assimilator  
  17  0:52  Probe  
  18  1:04  Probe  
  19  1:16  Probe  
  20  1:26  Nexus  
  20  1:37  Cybernetics Core  
  20  1:40  Probe  
  21  1:47  Assimilator  
  21  1:52  Probe  
  22  1:55  Pylon  
  22  2:04  Probe (Chrono Boost)  
  23  2:11  Adept (Chrono Boost)  
  23  2:13  Warp Gate  
  25  2:16  Probe (Chrono Boost)  
  26  2:25  Probe (Chrono Boost)  
  26  2:28  Stargate  
  27  2:30  Probe  
  27  2:36  Stalker (Chrono Boost)  
  28  2:40  Probe  
  28  2:43  Probe  
  32  2:52  Probe  
  32  2:55  Probe  
  34  3:04  Probe  
  35  3:07  Probe  
  35  3:09  Oracle (Chrono Boost)  
  38  3:13  Gateway  
  38  3:16  Probe  
  38  3:19  Probe  
  40  3:21  Adept  
  40  3:26  Pylon  
  42  3:32  Probe  
  44  3:39  Oracle (Chrono Boost), Shield Battery  
  43  3:47  Shield Battery  
  37  3:57  Pylon  
  30  4:08  Adept x2  
  26  4:19  Probe  
  27  4:28  Adept  
Tags
 
Add a new tag
Caveats
  • Supply blocks, unpowered buildings, or Contaminate may cause inaccurate times.
  • Supply counts are checked every 10 seconds.